 Dungeon Crawl Stone Soup version 0.31-a0-222-gefeffbb62a (webtiles) character file.

Game seed: 3431028890561860062

75 protoss039 the Digger (level 4, -5/33 HPs)
             Began as a Demonspawn Earth Elementalist on July 5, 2023.
             Slain by a gnoll
             ... wielding a +0 spear
              (8 damage)
             ... on level 2 of the Dungeon.
             The game lasted 00:02:31 (1139 turns).

protoss039 the Digger (DsEE)                        Turns: 1139, Time: 00:02:32

Health: -5/33      AC:  3    Str:  8    XL:     4   Next: 11%
Magic:  8/8        EV: 11    Int: 19    God:
Gold:   33         SH:  0    Dex: 13    Spells: 5/8 levels left

rFire   . . .        f - +0 dagger
rCold   . . .        (no shield)
rNeg    . . .        e - +0 leather armour
rPois   .            (no helmet)
rElec   .            (no cloak)
rCorr   .            (no gloves)
SInv    .            (no boots)
Will    .....        (no amulet)
Stlth   ++           (no ring)
HPRegen 0.25/turn    (no ring)
MPRegen 0.11/turn

%: no passive effects
@: no status effects
A: hooves 1, demonic magic 1
a: no special abilities


You were on level 2 of the Dungeon.
You visited 1 branch of the dungeon, and saw 2 of its levels.

You collected 33 gold pieces.

Inventory:

Hand Weapons
 f - a +0 dagger (weapon)
Armour
 e - a +0 leather armour (worn)
Scrolls
 c - a scroll of enchant armour {unknown}
Potions
 d - a potion of resistance {unknown}


   Skills:
 + Level 1.9 Fighting
 + Level 0.7 Armour
 - Level 1.7 Dodging
 * Level 1.9 Stealth
 + Level 2.6 Spellcasting
 - Level 1.0 Transmutations
 + Level 3.2 Earth Magic


You had 5 spell levels left.
You knew the following spells:

 Your Spells              Type           Power      Damage    Failure   Level
a - Sandblast             Erth           30%        2d9       6%          1
b - Passwall              Tmut/Erth      8%         N/A       14%         2

Your spell library contained the following spells:

 Spells                   Type           Power      Damage    Failure   Level
 Stone Arrow              Conj/Erth      16%        3d8       34%         3
 Petrify                  Tmut/Erth      10%        N/A       67%         4


Dungeon Overview and Level Annotations

Branches:
Dungeon (2/15) Zot: 10837

Altars:


Innate Abilities, Weirdness & Mutations

You have large cloven feet.
Spells you cast may paralyse adjacent enemies.


Message History

Unknown command.
The helpless gnoll fails to defend itself.
You hit the gnoll.
The gnoll is heavily wounded.
The helpless gnoll fails to defend itself.
You hit the gnoll.
The gnoll is almost dead.
The helpless gnoll fails to defend itself.
You hit the gnoll.
You kill the gnoll!
You have reached level 4!
You feel clever.
Unknown command.
Casting: Sandblast (safe; 6% risk of failure)
Confirm with . or Enter, or press ? or * to list all spells.
Aiming: Sandblast (safe; 6% risk of failure)
Press: ? - help, Shift-Dir - straight line, f - gnoll
Aim: a gnoll, wielding a +0 whip (84% to hit)
The blast of sand misses the gnoll.
The blast of sand hits the gnoll but does no damage.
Malevolent energies surge around you.
The gnoll suddenly stops moving!
Unknown command.
The helpless gnoll fails to defend itself.
You hit the gnoll. You kick the gnoll.
The gnoll is severely wounded.
The gnoll is no longer paralysed.
The gnoll misses you.
The gnoll hits you from afar with a +0 spear.
You hit the gnoll but do no damage.
The gnoll is severely wounded.
The gnoll hits you with a +0 whip! The gnoll hits you but does no damage.
You barely miss the gnoll. Your kick misses the gnoll.
The gnoll is severely wounded.
The gnoll hits you with a +0 whip.
* * * LOW HITPOINT WARNING * * *
The gnoll hits you from afar with a +0 spear.
* * * LOW HITPOINT WARNING * * *
Unknown command.
Magic courses through your body. The gnoll barely misses you.
The gnoll hits you from afar with a +0 spear!
You die...

#......# #.
############......# #.
..........##......# ####.
..........##......# #....
..........##......# #.###
.........†##...†..### #.#
..........######†...# #.#
..........#########.#######.#
...........ggg@....>......[.#
..........#########.#########
..........# #.# .......g..#
#.# ..........### #.#
######......# ###.#######
#......# #.......... #......#
#.######### #......#####.#


You could see 3 gnolls.

Vanquished Creatures
  Robin (D:2)
  A gnoll (D:2)
  3 dart slugs
  5 bats
  3 endoplasms
  A giant cockroach (D:2)
  10 goblins
  6 hobgoblins
  2 jackals (D:1)
  3 quokkas
  A ball python (D:2)
  2 frilled lizards (D:2)
  3 kobolds
  2 rats (D:2)
43 creatures vanquished.

Notes
Turn   | Place    | Note
-------+----------+-------------------------------------------
     0 | D:1      | protoss039 the Demonspawn Earth Elementalist began the
                  | quest for the Orb.
     0 | D:1      | Reached XP level 1. HP: 13/13 MP: 3/3
   211 | D:1      | Gained mutation: Spells you cast may paralyse adjacent
                  | enemies. [demonic ancestry]
   211 | D:1      | Reached XP level 2. HP: 20/20 MP: 0/5
   227 | D:1      | Reached skill level 1 in Fighting
   243 | D:1      | Reached skill level 3 in Earth Magic
   642 | D:1      | Learned a level 2 spell: Passwall
   749 | D:2      | Gained mutation: You have large cloven feet. [demonic
                  | ancestry]
   749 | D:2      | Reached XP level 3. HP: 26/26 MP: 4/6
   756 | D:2      | Noticed Robin
   778 | D:2      | Killed Robin
   779 | D:2      | Reached skill level 1 in Transmutations
  1135 | D:2      | Reached XP level 4. HP: 21/33 MP: 3/8
  1139 | D:2      | Slain by a gnoll

Illustrated notes

Levels and vault maps discovered:
D:1:      tarquinn_simple_flora_water_a, layout_rooms
D:2:      cheibrodos_helix_gallery, layout_basic, minivault_23, uniq_robin

Skill      XL: |  1  2  3 |
---------------+----------+-----
Fighting       | 1 |  1.9
Earth Magic    | 3 |  3.2
Transmutations | 1 |  1.0
Armour         | |  0.7
Dodging        | |  1.7
Stealth        | |  1.9
Spellcasting   | |  2.6

Action                     |  1- 3 |  4- 6 || total
---------------------------+-------+-------++-------
  Melee: Short sword       |     6 |       ||     6
         Dagger            |    69 |     3 ||    72
         Kick              |     6 |     1 ||     7
   Cast: Sandblast         |    46 |     1 ||    47
    Use: Potion            |       |     1 ||     1
   Stab: Paralysed         |     9 |     1 ||    10
         Sleeping          |     2 |       ||     2
 Armour: Robe              |     8 |       ||     8
         Leather armour    |     7 |     1 ||     8
  Dodge: Dodged            |    57 |     2 ||    59

Table legend: (Time is in decaauts)
 A = Elapsed time spent in this place.
 B = Non-inter-level travel time spent in this place.
 C = Inter-level travel time spent in this place.
 D = Time resting spent in this place.
 E = Time spent auto-exploring this place.
 F = Levels seen in this place.
 G = Mean time per level.
                   A        B        C        D        E       F      G
               +--------+--------+--------+--------+--------+-----+--------+
         Total |   1161 |   1123 |     38 |     17 |    816 |   2 |  580.5 |
       Dungeon |   1161 |   1123 |     38 |     17 |    816 |   2 |  580.5 |
               +--------+--------+--------+--------+--------+-----+--------+

Top non-repeatable levels by time:
     D:1: 674 daAuts
     D:2: 487 daAuts
